 Zot Defence DCSS version 0.15.2 (webtiles) character file.

210 greprep the Grave Robber (level 5, -14/42 (44) HPs)
             Began as a Deep Dwarf Necromancer on Apr 29, 2017.
             Demolished by Broumu the two-headed ogre
             ... wielding a cursed -1 giant spiked club
              (29 damage)
             ... in the Realm of Zot (Scenario I: Hall of Zot).
             The game lasted 00:11:38 (561 turns).

greprep the Grave Robber (Deep Dwarf Necromancer)    Turns: 561, Time: 00:11:38

HP -14/42 (44)   AC  2     Str 11      XL: 5   Next: 56%
MP   7/9         EV 13     Int 17      God:
Gold 0           SH  0     Dex 13      Spells:  2 memorised,  7 levels left

rFire  . . .     SeeInvis .     l - +0 shortbow
rCold  . . .     Clarity  .     a - +0 robe
rNeg   . . .     rCorr    .     (no shield)
rPois  .         rRot     .     (no helmet)
rElec  .         Spirit   .     (no cloak)
SustAb .         Warding  .     (no gloves)
rMut   .         Stasis   .     (no boots)
Gourm  .                        (no amulet)
MR     .....                    (no ring)
                                (no ring)

@: non-regenerating, not resistant to hostile enchantments, unstealthy
A: damage resistance, recharge devices, sense surroundings 1, slow healing 3
a: Make oklob sapling, Make arrow trap, Make plant, Remove Curse, Make burning
bush, Device Recharging


You were in the Realm of Zot.
You were not hungry.

You visited 1 branch

Inventory:

Hand weapons
 k - a +0 short sword of holy wrath
 l - a +0 shortbow (weapon)
Missiles
 o - 11 arrows (quivered)
Armour
 a - a +0 robe (worn)
Magical devices
 c - a wand of heal wounds (3)
Comestibles
 f - a bread ration
 m - 2 chunks of rat flesh
 n - a chunk of bat flesh
 q - 2 rotting chunks of rat flesh
 r - a chunk of bat flesh
Scrolls
 j - a scroll of blinking
Potions
 d - 3 potions of curing
 e - a potion of heal wounds
 g - a potion of haste
 h - 2 potions of magic
 i - a potion of berserk rage
Books
 b - a book of Necromancy

   Spells                             Type                      Level
   *Pain                              Necromancy                   1
   *Animate Skeleton                  Necromancy                   1
   Vampiric Draining                  Necromancy                   3
   Regeneration                       Charms/Necromancy            3
   Animate Dead                       Necromancy                   4
   Control Undead                     Necromancy                   4


   Skills:
 + Level 1.0 Fighting
 * Level 1.9 Short Blades
 + Level 3.3 Dodging
 - Level 2.4 Stealth
 - Level 0.1 Unarmed Combat
 + Level 2.5 Spellcasting
 + Level 5.7 Necromancy


You had 7 spell levels left.
You knew the following spells:

 Your Spells              Type           Power        Failure   Level  Hunger
a - Pain                  Necr           ###.         1%          1    #......
b - Animate Skeleton      Necr           N/A          1%          1    #......


Dungeon Overview and Level Annotations

Branches:
    Zot (1/1)

Altars:


Innate Abilities, Weirdness & Mutations

You are resistant to damage.
You can recharge devices by infusing magical energy.
You passively map a small area around you.
You do not heal naturally.


Message History

Press: ? - help, Shift-Dir - straight line, f/p - Broumu
Aim: Broumu the two-headed ogre, wielding two giant spiked clubs (severely wounded)
You shoot an arrow. The arrow barely misses Broumu.
Firing (i - inventory):
o - 14 arrows (quivered)
Press: ? - help, Shift-Dir - straight line, f/p - Broumu
Aim: Broumu the two-headed ogre, wielding two giant spiked clubs (severely wounded)
You shoot an arrow. The arrow hits Broumu.
Broumu is severely wounded.
Firing (i - inventory):
o - 13 arrows (quivered)
Press: ? - help, Shift-Dir - straight line, f/p - Broumu
Aim: Broumu the two-headed ogre, wielding two giant spiked clubs (severely wounded)
You shoot an arrow. The arrow hits Broumu.
Broumu is severely wounded.
Firing (i - inventory):
o - 12 arrows (quivered)
Press: ? - help, Shift-Dir - straight line, f/p - Broumu
Aim: Broumu the two-headed ogre, wielding two giant spiked clubs (severely wounded)
You shoot an arrow. The arrow barely misses Broumu.
Broumu hits you with a giant spiked club!!
Ouch! That really hurt!
You die...

######### ######### ....####
####.... .......### ###.......
.........## ##.........
..........# ▓▓▓▓▓▓▓▓▓ #..........
..........▓▓▓.......▓▓▓..........
..........▓▓....P....▓▓..........
..........▓%...%......▓..........
........(.()%((O@%(...%..........
..........▓....%......▓..........
..........▓▓.........▓▓..........
..........▓▓▓.......▓▓▓..........
..........▓ ▓▓▓▓▓▓▓▓▓ ▓..........
.........▓▓ ▓▓.........
.......▓▓▓ ▓▓▓....... ....▓▓▓▓
▓▓▓▓.... ▓▓▓▓▓▓▓▓ ▓▓▓▓▓▓▓▓


You could see Broumu the two-headed ogre and a friendly oklob sapling.

Vanquished Creatures
  2 bats (Zot)
  3 goblins (Zot)
  2 kobolds (Zot)
  7 rats (Zot)
14 creatures vanquished.

Vanquished Creatures (collateral kills)
  A centaur (Zot)
  6 goblins (Zot)
  2 hobgoblins (Zot)
  6 bats (Zot)
  2 giant newts (Zot)
  6 kobolds (Zot)
  11 rats (Zot)
34 creatures vanquished.

Vanquished Creatures (others)
  5 bat skeletons (Zot)
  A giant newt skeleton (Zot)
  4 goblin skeletons (Zot)
  5 kobold skeletons (Zot)
  8 rat skeletons (Zot)
23 creatures vanquished.

Grand Total: 71 creatures vanquished

Notes
Turn   | Place    | Note
--------------------------------------------------------------
     0 | Zot      | greprep, the Deep Dwarf Necromancer, began the quest for the Orb.
     0 | Zot      | Reached XP level 1. HP: 15/15 MP: 2/2
   198 | Zot      | Learned a level 1 spell: Animate Skeleton
   237 | Zot      | Reached XP level 2. HP: 17/22 MP: 1/3
   262 | Zot      | Reached skill level 5 in Necromancy
   315 | Zot      | Reached XP level 3. HP: 25/28 MP: 1/6
   334 | Zot      | Noticed Ikogeamiph
   353 | Zot      | Killed Ikogeamiph the centaur
   353 | Zot      | Reached skill level 1 in Fighting
   353 | Zot      | Reached skill level 1 in Short Blades
   353 | Zot      | Reached XP level 4. HP: 13/38 MP: 0/8
   353 | Zot      | Reached XP level 5. HP: 15/44 MP: 0/9
   542 | Zot      | Noticed Broumu
   561 | Zot      | Demolished by Broumu the two-headed ogre

Action                   |  1- 3 |  4- 6 || total
-------------------------+-------+-------++-------
Melee: Unarmed           |    42 |       ||    42
       Short sword       |     8 |    11 ||    19
 Fire: Shortbow          |       |     5 ||     5
 Cast: Pain              |     6 |       ||     6
       Animate Skeleton  |     7 |    16 ||    23
 Abil: Make oklob saplin |     1 |       ||     1
Evoke: Wand              |     2 |       ||     2
